 Dungeon Crawl Stone Soup version 0.18.1-50-g88ac8fd (webtiles) character file.

464 Gianozzolo the Changer (level 6, -3/47 HPs)
             Began as a Draconian Transmuter on Nov 29, 2017.
             Killed by nerve-wracking pain
             ... invoked by Grinder
              (14 damage)
             ... on level 3 of the Dungeon.
             The game lasted 00:06:40 (3950 turns).

Gianozzolo the Changer (Draconian Transmuter)       Turns: 3950, Time: 00:06:41

Health: -3/47      AC:  2    Str: 12    XL:     6   Next: 80%
Magic:  8/9        EV: 19    Int: 16    God:
Gold:   214        SH:  0    Dex: 16    Spells: 3 memorised, 0 levels left

rFire  . . .     SeeInvis .       - Unarmed
rCold  . . .     Gourm    .     (armour unavailable)
rNeg   . . .     Faith    .     (shield currently unavailable)
rPois  x         Spirit   .     (helmet currently unavailable)
rElec  .         Dismiss  .     (cloak currently unavailable)
rCorr  .         Reflect  .     (gloves currently unavailable)
SustAt .         Harm     .     (boots currently unavailable)
MR     .....                    (no amulet)
Stlth  +.........               (no ring)
                                q - ring of wizardry

@: spider-form (expiring), not resistant to hostile enchantments, very
unstealthy
A: unfitting armour, (cold-blooded), AC +6
a: End Transformation


You were on level 3 of the Dungeon.
You were not hungry.
You were a venomous arachnid creature.
You visited 1 branch of the dungeon, and saw 5 of its levels.

You collected 214 gold pieces.

Inventory:

Jewellery
 q - a ring of wizardry (left front leg)
Scrolls
 d - a scroll of amnesia {unknown}
 f - 4 scrolls of identify {unknown}
 g - a scroll of teleportation {unknown}
 h - a scroll of fear {unknown}
 i - a scroll of random uselessness {unknown}
 l - a scroll of blinking {unknown}
 o - a scroll of magic mapping {unknown}
Potions
 a - a potion of lignification {unknown}
 e - a potion of might {unknown}
 k - 3 potions of curing
 m - 2 potions of cancellation {unknown}
 n - a potion of heal wounds {unknown}
Books
 b - a book of Changes

   Spells                             Type                      Level
   a - Beastly Appendage              Transmutation                1
   b - Sticks to Snakes               Transmutation                2
   c - Spider Form                    Transmutation/Poison         3
   d - Ice Form                       Ice/Transmutation            4
   e - Blade Hands                    Transmutation                5
Comestibles
 c - 3 bread rations
 j - a beef jerky


   Skills:
 - Level 1.4 Fighting
 - Level 1.7 Dodging
 + Level 5.0 Unarmed Combat
 - Level 2.0 Spellcasting
 * Level 5.9 Transmutations
 - Level 1.1 Poison Magic


You couldn't memorise any spells.
You knew the following spells:

 Your Spells              Type           Power        Failure   Level  Hunger
a - Beastly Appendage     Trmt           ###...       3%          1    #......
b - Spider Form           Trmt/Pois      ##........   13%         3    ###....
c - Blade Hands           Trmt           ###.......   47%         5    ######.


Dungeon Overview and Level Annotations

Branches:
Dungeon (5/15)
 Temple: D:4-7

Altars:
Pakellas
Qazlal

Annotations:
D:3 Grinder
D:5 Pikel; magog001's ghost, novice MiFi


Innate Abilities, Weirdness & Mutations

((Your plain brown scales are hard (AC +6).))
Your body does not fit into most forms of armour.
((You are cold-blooded and may be slowed by cold attacks.))


Message History

You climb upwards.
The phantom blinks!
There is a stone staircase leading down here.
You hit the orc but do no damage. The orc barely misses you.
You hit the orc.
The orc is lightly wounded.
The orc hits you but does no damage.
You bite the orc!
You kill the orc!
Your transformation is almost over.
There is a stone staircase leading up here.
The phantom hits you!
* * * LOW HITPOINT WARNING * * *
The phantom blinks!
You climb upwards.
Level annotation: Grinder Grinder closely misses you.
There is a stone staircase leading down here.
Grinder gestures at you. Pain shoots through your body!
You die...

#)# #.# #.# ##..#...# #.# #.# #.#
##.....# #.# #.#
#######.######.##.#
#.###.#######...........##....#
#..............#.##.###.#####.#
#####...)_.##..#.#...##.#####.###
######.##5...................
#.##.##.#............###
#.##.##s##.###.......# #
#.##.5>....# #..####.# #
#.#####.######### ###
#.#####.....# #..)........#
#########..## ##.))))♣ ..))))♣
#))))).


You could see Grinder.

Vanquished Creatures
  3 slaves (D:5)
  A scorpion (D:5)
  3 hounds (D:5)
  Ijyb (D:3)
  An orc wizard (D:3)
  Natasha (thrice) (D:2)
  2 worker ants (D:5)
  3 adders
  An ooze (D:1)
  2 dart slugs (D:2)
  2 worms (D:2)
  4 giant geckos
  12 orcs
  7 bats
  5 giant cockroaches
  6 hobgoblins
  14 jackals
  9 kobolds
  2 quokkas (D:3)
  2 ball pythons (D:2)
  11 giant newts
  8 goblins
  A jackal skeleton (D:4)
  6 rats
109 creatures vanquished.

Notes
Turn   | Place    | Note
--------------------------------------------------------------
     0 | D:1      | Gianozzolo the Draconian Transmuter began the quest for the Orb.
     0 | D:1      | Reached XP level 1. HP: 16/16 MP: 3/3
   361 | D:1      | Reached XP level 2. HP: 20/23 MP: 3/5
  1011 | D:1      | Reached XP level 3. HP: 28/28 MP: 6/6
  1016 | D:1      | Learned a level 3 spell: Spider Form
  1446 | D:2      | Noticed Natasha
  1452 | D:2      | Killed Natasha
  1452 | D:2      | Reached XP level 4. HP: 28/35 MP: 3/7
  1631 | D:2      | Noticed Natasha
  1642 | D:2      | Killed Natasha
  1642 | D:2      | Reached skill level 1 in Poison Magic
  1877 | D:2      | Noticed Natasha
  1886 | D:2      | Killed Natasha
  1886 | D:2      | Reached XP level 5. HP: 40/40 MP: 4/8
  2305 | D:3      | Noticed Ijyb
  2316 | D:3      | Killed Ijyb
  2701 | D:3      | Found an oddly glowing altar of Pakellas.
  2839 | D:3      | Reached XP level 6. HP: 47/47 MP: 5/9
  2942 | D:3      | Reached skill level 5 in Transmutations
  3003 | D:3      | Noticed Grinder
  3005 | D:3      | Paralysed by Grinder for 6 turns
  3014 | D:3      | Paralysed by Grinder for 2 turns
  3408 | D:4      | Found a stormy altar of Qazlal.
  3466 | D:5      | Entered Level 5 of the Dungeon
  3466 | D:5      | Noticed magog001's ghost (novice MiFi)
  3829 | D:5      | Learned a level 5 spell: Blade Hands
  3843 | D:5      | Noticed a slave
  3846 | D:5      | Noticed a slave
  3847 | D:5      | Noticed a slave
  3847 | D:5      | Noticed a slave
  3860 | D:5      | Reached skill level 5 in Unarmed Combat
  3867 | D:5      | Killed a slave
  3886 | D:5      | Killed a slave
  3887 | D:5      | Noticed Pikel
  3907 | D:5      | Killed a slave
  3950 | D:3      | Killed from afar by Grinder

Skill      XL: |  1  2  3  4  5  6 |
---------------+-------------------+-----
Transmutations | 3 4 5 |  5.9
Poison Magic   | 1 |  1.1
Unarmed Combat | 4 5 |  5.0
Fighting       | |  1.4
Dodging        | |  1.7
Spellcasting   | |  2.0

Action                   |  1- 3 |  4- 6 || total
-------------------------+-------+-------++-------
Melee: Unarmed           |   122 |   248 ||   370
       Headbutt          |     5 |       ||     5
       Tailslap          |     5 |     9 ||    14
       Kick              |     5 |     2 ||     7
       Punch             |     1 |       ||     1
 Cast: Beastly Appendage |    16 |     3 ||    19
       Spider Form       |     2 |    22 ||    24
  Use: Potion            |       |     1 ||     1
 Stab: Sleeping          |       |     1 ||     1
  Eat: Chunk             |     2 |    11 ||    13
       Fruit             |       |     2 ||     2
Armor: Skin              |    47 |    35 ||    82
Dodge: Dodged            |    81 |   190 ||   271
